 Dungeon Crawl Stone Soup version 0.28-b1-1-g3c77fb2ed1 (webtiles) character file.

Game seed: 4399018619996333296

84 croobank the Magician (level 4, -1/24 HPs)
             Began as a Kobold Hedge Wizard on Jan 30, 2022.
             Slain by a kobold (2 damage)
             ... on level 2 of the Dungeon.
             The game lasted 00:08:53 (2451 turns).

croobank the Magician (Kobold Hedge Wizard)         Turns: 2451, Time: 00:08:54

Health: -1/24      AC:  2    Str:  7    XL:     4   Next: 72%
Magic:  3/10       EV: 14    Int: 17    God:
Gold:   4          SH:  0    Dex: 14    Spells: 2/11 levels left

rFire   . . .      SeeInvis .   a - +3 dagger
rCold   . . .      Faith    .   (no shield)
rNeg    . . .      Spirit   .   b - +0 robe
rPois   .          Reflect  .   c - +0 hat
rElec   .          Harm     .   (no cloak)
rCorr   .          Rampage  .   (no gloves)
Will    .....                   (no boots)
Stlth   +++.......              (no amulet)
HPRegen 0.08/turn               (no ring)
MPRegen 0.12/turn               (no ring)

@: brilliant, very slightly contaminated
A: small, no large weapons, nightstalker 3
a: no special abilities


You were on level 2 of the Dungeon.
You visited 1 branch of the dungeon, and saw 2 of its levels.

You collected 4 gold pieces.

Inventory:

Hand Weapons
 a - a +3 dagger (weapon)
 f - a +0 dagger
 g - a +0 rapier
Missiles
 d - 15 stones
 e - 16 arrows
Armour
 b - a +0 robe (worn)
 c - a +0 hat (worn)
 k - a +0 ring mail
Scrolls
 l - a scroll of immolation {unknown}
Potions
 h - a potion of brilliance


   Skills:
 - Level 0.7 Fighting
 - Level 0.4 Short Blades
 - Level 2.5 Dodging
 - Level 3.3 Stealth
 - Level 4.0 Spellcasting
 - Level 1.4 Conjurations
 - Level 1.0 Summonings
 - Level 1.0 Translocations
 + Level 1.3 Air Magic
 + Level 1.3 Poison Magic


You had 2 spell levels left.
You knew the following spells:

 Your Spells              Type           Power      Damage    Failure   Level
a - Magic Dart            Conj           48%        1d5       9%          1
b - Slow                  Hex            20%        N/A       16%         1
c - Blink                 Tloc           20%        N/A       16%         2
d - Call Imp              Summ           10%        N/A       16%         2
e - Mephitic Cloud        Conj/Pois/Air  12%        N/A       26%         3

Your spell library contained the following spells:

 Spells                   Type           Power      Damage    Failure   Level
 Conjure Flame            Conj/Fire      8%         6-21      34%         3


Dungeon Overview and Level Annotations

Branches:
Dungeon (2/15)

Altars:


Innate Abilities, Weirdness & Mutations

You are small and have problems with some larger weapons.
You are completely attuned to the shadows.


Message History

Casting: Slow (safe; 16% risk of failure)
Confirm with . or Enter, or press ? or * to list all spells.
You feel a surge of power!
A beastly little devil appears in a puff of frigid air.
Casting: Call Imp (safe; 16% risk of failure)
Confirm with . or Enter, or press ? or * to list all spells.
You feel a surge of power!
You blink.
The kobold throws a stone.
The stone closely misses you.
You see here an adder corpse.
Casting: Blink (safe; 16% risk of failure)
Confirm with . or Enter, or press ? or * to list all spells.
Aiming: Magic Dart (safe; 9% risk of failure)
Press: ? - help, Shift-Dir - straight line, f/p - kobold
Aim: a kobold, wielding a +0 whip, wearing a +0 chain mail and quivering stones (ally target, 100% to hit)
You feel a surge of power!
The magic dart hits the kobold but does no damage.
You feel stable enough to blink again.
Casting: Magic Dart (safe; 9% risk of failure)
Confirm with . or Enter, or press ? or * to list all spells.
Aiming: Magic Dart (safe; 9% risk of failure)
Press: ? - help, Shift-Dir - straight line, f/p - kobold
Aim: a kobold, wielding a +0 whip, wearing a +0 chain mail and quivering stones (ally target, 100% to hit)
You feel a surge of power!
The magic dart hits the kobold but does no damage.
Casting: Magic Dart (safe; 9% risk of failure)
Confirm with . or Enter, or press ? or * to list all spells.
Aiming: Magic Dart (safe; 9% risk of failure)
Press: ? - help, Shift-Dir - straight line, f/p - kobold
Aim: a kobold, wielding a +0 whip, wearing a +0 chain mail and quivering stones (ally target, 100% to hit)
You feel a surge of power!
The magic dart hits the kobold but does no damage.
The kobold hits you with a +0 whip.
* * * LOW HITPOINT WARNING * * *
Your white imp closely misses the kobold.
Casting: Magic Dart (safe; 9% risk of failure)
Confirm with . or Enter, or press ? or * to list all spells.
You feel a surge of power!
You miscast Blink.
You are very lightly contaminated with residual magic.
Nothing appears to happen.
The kobold hits you with a +0 whip.
You die...

..### #### #....
...# #. #..###...#
#..# ##.†#....#
##.....###...†>...#
#.. #...#...#......
#.# #..†..###.....
#5## ##@_.## ##...#
#§.###K?...# ...#
##..#5..#...# ..
#.....###...
###..## #.. ##..#
####


You could see a kobold (ally target) and a friendly white imp (summoned).

Vanquished Creatures
  3 adders (D:2)
  3 dart slugs (D:1)
  3 endoplasms
  A giant cockroach (D:1)
  4 goblins (D:1)
  7 hobgoblins
  2 quokkas
  11 ball pythons
  4 bats
  2 frilled lizards
  5 kobolds
  3 rats
48 creatures vanquished.

Vanquished Creatures (collateral kills)
  A kobold (D:1)
1 creature vanquished.

Grand Total: 49 creatures vanquished

Notes
Turn   | Place    | Note
-------+----------+-------------------------------------------
     0 | D:1      | croobank the Kobold Hedge Wizard began the quest for the
                  | Orb.
     0 | D:1      | Reached XP level 1. HP: 10/10 MP: 4/4
   317 | D:1      | Reached XP level 2. HP: 15/15 MP: 3/6
   584 | D:1      | Learned a level 1 spell: Slow
   587 | D:1      | Learned a level 2 spell: Blink
   590 | D:1      | Learned a level 2 spell: Call Imp
   787 | D:1      | Reached skill level 4 in Spellcasting
   917 | D:1      | Reached XP level 3. HP: 19/19 MP: 8/8
  1400 | D:1      | Learned a level 3 spell: Mephitic Cloud
  2021 | D:2      | Reached XP level 4. HP: 24/24 MP: 10/10
  2049 | D:2      | Reached skill level 1 in Air Magic
  2156 | D:2      | Reached skill level 1 in Poison Magic
  2305 | D:2      | Found a faded altar of an unknown god.
  2440 | D:2      | HP: 1/24 [kobold/stone (1)]
  2450 | D:2      | HP: 1/24 [kobold (1)]
  2451 | D:2      | Slain by a kobold

Illustrated notes

Levels and vault maps discovered:
D:1:      dpeg_arrival_round_c, layout_loops_ring, kennysheep_another_room
D:2:      kb_forest_paths, layout_rooms, nicolae_ecumenical_snake_handling,
          minmay_heptomino_o4

Skill      XL: |  1  2  3  4 |
---------------+-------------+-----
Spellcasting   | 4 |  4.0
Stealth        | 3 |  3.3
Air Magic      | 1 |  1.3
Poison Magic   | 1 |  1.3
Fighting       | |  0.7
Short Blades   | |  0.4
Dodging        | |  2.5
Conjurations   | |  1.4
Summonings     | |  1.0
Translocations | |  1.0

Action                   |  1- 3 |  4- 6 || total
-------------------------+-------+-------++-------
Melee: Dagger            |    91 |    41 ||   132
       Punch             |     1 |     1 ||     2
       Rapier            |     6 |       ||     6
 Cast: Magic Dart        |    35 |     9 ||    44
       Call Imp          |     2 |     1 ||     3
       Slow              |     1 |     1 ||     2
       Blink             |       |     1 ||     1
  Use: Scroll            |     1 |     3 ||     4
       Potion            |       |     1 ||     1
 Stab: Sleeping          |    10 |     3 ||    13
Armor: Robe              |    12 |    10 ||    22
Dodge: Dodged            |    58 |    38 ||    96
